 Dungeon Crawl Stone Soup version 0.27.1-34-g3ba077fa99 (webtiles) character file.

Game seed: 2108448735526012893

101757 pkoi the Convoker (level 15, -1/111 HPs)
             Began as a Yellow Draconian Summoner on Jan 18, 2022.
             Was the Champion of Hepliaklqana.
             Slain by a merfolk impaler (14 damage)
             ... on level 3 of the Shoals on Jan 19, 2022.
             The game lasted 02:17:01 (43583 turns).

pkoi the Convoker (Yellow Draconian Summoner)      Turns: 43583, Time: 02:17:02

Health: -1/111     AC: 18    Str: 13    XL:     15   Next: 84%
Magic:  8/27       EV: 16    Int: 22    God:    Hepliaklqana [******]
Gold:   2314       SH:  5    Dex: 12    Spells: 6/31 levels left

rFire    + . .     SeeInvis .   g - +9 staff of Olgreb {rPois∞}
rCold    + . .     Faith    .   (no shield)
rNeg     . . .     Spirit   .   (armour unavailable)
rPois    ∞         Reflect  +   K - +1 hat
rElec    .         Harm     .   B - +2 cloak
rCorr    +         Rampage  .   N - +2 pair of gloves {Str+3}
Will     +....                  H - +1 pair of boots
Stlth    +.........             f - amulet of reflection
HPRegen  0.28/turn              q - ring of protection from cold
MPRegen  0.20/turn              s - ring of protection from fire

@: about to teleport, very slow
A: reduced essence, spit acid, AC +9, unfitting armour, acidic bite,
cold-blooded, acid resistance
a: Breathe Acid, Renounce Religion, Recall Ancestor, Ancestor Identity,
Transference, Idealise


You were on level 3 of the Shoals.
You worshipped Hepliaklqana.
Hepliaklqana was exalted by your worship.
You visited 6 branches of the dungeon, and saw 26 of its levels.
You also visited: Ice Cave.

You collected 3708 gold pieces.
You spent 1394 gold pieces at shops.

Inventory:

Hand Weapons
 g - the +9 staff of Olgreb (weapon) {rPois∞}
   (You acquired it on level 1 of the Lair of Beasts)

   If the wielder is skilled in Evocations, they can envenom those struck by it,
   dealing poison damage which bypasses armour.
   It enhances your poison magic.
   It grants immunity to poison.
   It can be evoked to radiate toxic energy, with effectiveness depending on
   Evocations skill.
Missiles
 a - 21 poisoned darts
 v - a curare-tipped dart
 A - 15 boomerangs of dispersal
 T - a throwing net
Armour
 B - a +2 cloak (worn)
 H - a +1 pair of boots (worn)
 K - a +1 hat (worn)
 N - a +2 pair of gloves of strength (worn)
Magical Staves
 S - a staff of air
Jewellery
 f - an amulet of reflection (around neck)
 q - a ring of protection from cold (left hand)
 s - a ring of protection from fire (right hand)
 F - a ring of ice
Wands
 c - a wand of iceblast (32)
 e - a wand of flame (23)
 n - a wand of mindburst (6)
 y - a wand of acid (32)
 C - a wand of digging (3)
 P - a wand of charming (14)
Scrolls
 h - 2 scrolls of fear
 o - a scroll of amnesia
 z - 4 scrolls of fog
 E - 2 scrolls of magic mapping
 G - a scroll of teleportation
 I - 2 scrolls of enchant weapon
 J - 2 scrolls of enchant armour
 L - 6 scrolls of identify
 M - 4 scrolls of blinking
 O - a scroll of holy word
 Q - a scroll of brand weapon
 R - a scroll of summoning
Potions
 b - a potion of berserk rage
 i - 3 potions of ambrosia
 k - a potion of resistance
 l - a potion of haste
 m - 4 potions of brilliance
 p - 3 potions of flight
 r - a potion of invisibility
 t - 4 potions of cancellation
 u - a potion of magic
 w - 6 potions of curing
 x - 3 potions of heal wounds
 D - 2 potions of might
Miscellaneous
 d - a phial of floods
 j - a condenser vane


   Skills:
 - Level 9.0 Fighting
 + Level 11.2 Staves
 + Level 10.8 Dodging
 - Level 1.7 Stealth
 - Level 2.1 Unarmed Combat
 + Level 8.7 Spellcasting
 - Level 3.0 Hexes
 + Level 17.1 Summonings
 - Level 3.0 Air Magic
 + Level 5.2 Invocations
 - Level 9.0 Evocations


You had 6 spell levels left.
You knew the following spells:

 Your Spells              Type           Power      Damage    Failure   Level
a - Summon Small Mammal   Summ           100%       N/A       0%          1
b - Call Imp              Summ           71%        N/A       0%          2
c - Call Canine Familiar  Summ           71%        N/A       1%          3
d - Summon Guardian Gole  Hex/Summ       52%        N/A       1%          3
e - Summon Lightning Spi  Summ/Air       52%        N/A       1%          4
f - Summon Mana Viper     Hex/Summ       52%        N/A       3%          5
g - Monstrous Menagerie   Summ           35%        N/A       5%          7

Your spell library contained the following spells:

 Spells                   Type           Power      Damage    Failure   Level
 Corona                   Hex            24%        N/A       1%          1
 Summon Ice Beast         Ice/Summ       47%        N/A       1%          4
 Ensorcelled Hibernation  Hex/Ice        32%        N/A       5%          2
 Tukima's Dance           Hex            22%        N/A       6%          3
 Beastly Appendage        Tmut           18%        N/A       7%          1
 Wereblood                Tmut           9%         N/A       11%         2
 Dazzling Flash           Conj/Hex       32%        N/A       11%         3
 Gell's Gravitas          Tloc           4%         N/A       21%         3
 Lesser Beckoning         Tloc           4%         N/A       21%         3
 Spider Form              Tmut/Pois      7%         N/A       21%         3
 Stone Arrow              Conj/Erth      18%        3d8       21%         3
 Teleport Other           Tloc           9%         N/A       21%         3
 Cause Fear               Hex            11%        N/A       21%         4
 Iskenderun's Mystic Bla  Conj/Tloc      9%         2d4       56%         4
 Blade Hands              Tmut           4%         N/A       88%         5
 Bolt of Magma            Conj/Fire/Erth 4%         4d5       88%         5
 Irradiate                Conj/Tmut      4%         3d15      88%         5
 Starburst                Conj/Fire      4%         6d4       100%        6
 Dragon's Call            Summ           35%        N/A       99%         9
 Dragon Form              Tmut           4%         N/A       100%        7
 Shatter                  Erth           4%         3d8*      100%        9


Dungeon Overview and Level Annotations

Branches:
Dungeon (12/15)            Temple (1/1) D:5            Lair (6/6) D:9
 Shoals (3/4) Lair:4        Snake (2/4) Lair:3        Slime (0/5) Lair:5
    Orc (2/2) D:11            Elf (0/3) Orc:2         IceCv (visited)

Altars:
Ashenzari
Cheibriados
Dithmenos
Elyvilon
Fedhas
Gozag
Hepliaklqana
Kikubaaqudgha
Makhleb
Nemelex Xobeh
Okawaru
Qazlal
Ru
Sif Muna
Trog
Uskayaw
Vehumet
Wu Jian
Xom
Yredelemnul
Zin
The Shining One
Lugonu

Shops:
D:1 !   D:7 [   D:10 *   Orc:2 **[([   Shoals:2 =   Snake:1 =::(   Snake:2 :

Portals:
Abyss: Lair:6

Annotations:
Orc:1 3 runed translucent doors, Bycledom's ghost, journeyman PaMo; Weegh's ghost, journeyman DsTm; Yfron's ghost, journeyman NaSu; duckroller's ghost, journeyman HOMo; tatocazan's ghost, journeyman MiFi


Innate Abilities, Weirdness & Mutations

Your life essence is reduced to manifest your ancestor. (-10% HP)
You can spit globs of acid.
Your golden yellow scales are hard. (AC +9)
You cannot fit into any form of body armour.
You have acidic saliva.
You are cold-blooded and may be slowed by cold attacks.
You are resistant to acid. (rCorr)


Message History

As you read the scroll of teleportation, it crumbles to dust.
You feel strangely unstable.
The merfolk avatar chants its luring song.
The merfolk barely misses your manticore.
The merfolk impaler hits you from afar with a +2 vorpal trident!
* * * LOW HITPOINT WARNING * * *
x2 Your guardian golem is engulfed in blazing flames.
Flame seeps out of your guardian golem.
The snapping turtle bites Tia!
Flame seeps out of your guardian golem.
Tia completely misses the merfolk impaler.
Tia hits the snapping turtle but does no damage.
Your manticore bites the merfolk!
The merfolk dies!
Your guardian golem is engulfed in blazing flames.
Flame seeps out of your guardian golem.
The snapping turtle barely misses Tia.
Tia hits the merfolk impaler with a +0 broad axe of flaming!
Tia burns the merfolk impaler.
The merfolk impaler dies!
Tia completely misses the snapping turtle.
Unknown command.
Unknown command.
Your surroundings suddenly seem different.
Splash!
You fall into the shallow water.
Moving in this stuff is going to be slow.
A sea snake, 2 merfolk and a merfolk impaler come into view.
The merfolk impaler is wielding a +3 vorpal trident.
Found a scroll of teleportation and 11 gold pieces.
Found a stone staircase leading down.
You break out of your daze!
The sea snake hisses angrily.
The merfolk impaler shouts!
The merfolk shouts!
As you read the scroll of teleportation, it crumbles to dust.
You feel strangely unstable.
A merfolk comes into view. It is wielding a +2 halberd of venom.
The sea snake closely misses you.
The merfolk impaler hits you but does no damage.
The sea snake bites you but does no damage.
The merfolk closely misses you.
The merfolk impaler hits you from afar with a +3 vorpal trident!
You die...

≈≈........#
.........>.####.
≈.$...≈≈....?...
.....≈≈≈........
.....≈≈≈≈≈......
....≈≈...≈.....≈
.≈......≈≈≈≈≈≈≈≈
.≈....≈S@≈≈≈≈≈≈≈
.≈≈≈m≈m≈≈≈≈≈≈≈≈≈
.≈≈≈≈≈m≈≈≈≈≈≈≈≈≈
..m≈≈≈≈≈≈≈≈≈≈≈≈≈
..≈≈≈≈≈≈≈≈≈≈≈≈≈≈
≈≈≈≈≈≈≈≈≈≈≈≈≈≈≈≈
≈≈≈≈≈≈≈≈≈≈≈≈≈≈≈≈
≈≈≈≈≈≈≈≈≈≈≈≈≈≈≈≈
≈≈≈≈≈≈≈≈≈≈≈≈≈≈≈


You could see a merfolk impaler, a sea snake and 3 merfolk.

Vanquished Creatures
  A merfolk impaler (Shoals:1)
  A merfolk avatar (Shoals:2)
  2 anacondas
  A two-headed ogre (Orc:2)
  A thrashing horror (Lair:6)
  A sea snake (Snake:1)
  2 deep trolls (Orc:2)
  An orc sorcerer (Orc:1)
  2 salamanders (Snake:2)
  2 cyclopes
  4 elephants
  A water nymph (Shoals:3)
  4 black mambas
  3 cane toads
  2 komodo dragons
  An unseen horror (D:12)
  A rime drake (Lair:5)
  2 trolls (Orc:2)
  4 merfolk
  A slime creature (Lair:5)
  5 dream sheep
  9 blink frogs
  A wraith (D:11)
  6 yaks
  3 fire bats (D:9)
  A steam dragon (D:7)
  A vampire mosquito (D:12)
  Edmund (D:4)
  A small abomination (Lair:6)
  A harpy simulacrum (IceCv)
  2 nagas
  An acid dragon (D:11)
  5 water moccasins
  6 orc warriors
  A black bear (D:9)
  10 ogres
  A necrophage (Lair:4)
  3 centaurs
  4 wolves
  A lemure (D:5)
  2 kobold brigands
  9 bullfrogs
  3 scorpions
  A water moccasin zombie (D:6)
  A water moccasin skeleton (D:4)
  3 wights
  4 electric eels
  4 lava snakes
  7 orc priests
  A centaur zombie (D:6)
  A centaur skeleton (D:7)
  5 orc wizards
  A killer bee zombie (D:6)
  5 adders
  A white imp (D:6)
  An adder skeleton (D:4)
  A worm (D:2)
  18 orcs
  8 ball pythons
  4 bats
  6 endoplasms
  7 giant cockroaches
  10 goblins
  4 hobgoblins (D:1)
  2 jackals (D:1)
  7 kobolds
  A quokka (D:4)
  3 frilled lizards
  23 rats
  A fire vortex (D:9)
244 creatures vanquished.

Vanquished Creatures (collateral kills)
  A very ugly thing (IceCv)
  A merfolk impaler (Shoals:3)
  A naga warrior (Snake:2)
  A salamander tyrant (Snake:2)
  A caustic shrike simulacrum (IceCv)
  3 boulder beetles
  2 ogre magi (Orc:2)
  8 hydras
  2 anacondas (Snake:2)
  A death knight (D:11)
  9 two-headed ogres
  A merfolk aquamancer (Shoals:1)
  2 death yaks (Lair:5)
  3 naga sharpshooters
  2 thrashing horrors (Lair:6)
  A shock serpent (Snake:2)
  2 salamander mystics
  A sea snake (Shoals:2)
  Pikel (D:5)
  2 orange crystal statues (IceCv)
  9 harpies
  3 mana vipers
  4 orc sorcerers (Orc:2)
  5 manticores
  3 fauns (Shoals:1)
  2 cyclopes (Orc:2)
  2 oklob plants
  An ugly thing (Lair:6)
  4 salamanders (Snake:2)
  5 black mambas
  6 elephants
  5 naga magi
  5 merfolk sirens
  2 gargoyles (D:11)
  3 water nymphs
  2 smoke demons (Lair:6)
  An unseen horror (D:9)
  5 cane toads
  5 rime drakes
  2 freezing wraiths (IceCv)
  6 komodo dragons
  An anaconda simulacrum (IceCv)
  An ancient zyme (Lair:6)
  A golden dragon simulacrum (IceCv)
  A nameless horror (Shoals:2)
  2 polar bears
  8 trolls
  8 merfolk
  6 snapping turtles
  2 slime creatures (Lair:5)
  9 dream sheep
  6 blink frogs
  A shadow (D:11)
  A dire elephant simulacrum (IceCv)
  3 water elementals
  2 large abominations (Lair:6)
  2 ynoxinuls (Lair:6)
  A fire bat (D:9)
  2 wyverns
  10 yaks
  5 basilisks
  A vampire mosquito (D:12)
  A chaos spawn (Lair:6)
  21 nagas
  3 wargs
  An acid dragon (D:11)
  A hydra simulacrum (IceCv)
  A hell hound (D:9)
  8 water moccasins
  An ettin simulacrum (IceCv)
  An alligator simulacrum (IceCv)
  12 wolves
  5 orc warriors
  5 centaurs
  6 small abominations (Lair:6)
  A black bear (Lair:4)
  13 ogres
  6 necrophages
  2 lemures
  2 kobold brigands
  9 bullfrogs
  A scorpion (D:9)
  2 gnoll sergeants (D:11)
  A wyvern skeleton (D:7)
  7 wights
  2 electric eels (Snake:1)
  5 howler monkeys
  3 lava snakes
  5 orc priests
  2 centaur zombies
  A hound (D:6)
  4 jellies
  An iguana (D:6)
  11 orc wizards
  A hound skeleton (D:4)
  3 adders
  2 white imps (D:6)
  A worm (D:4)
  33 orcs
  3 ball pythons
  2 bats
  3 endoplasms
  2 giant cockroaches
  7 hobgoblins
  10 kobolds
  2 quokkas
  A frilled lizard (D:3)
  10 goblins
  4 rats
426 creatures vanquished.

Vanquished Creatures (others)
  A very ugly thing (IceCv)
  A stone giant (D:11)
  A merfolk javelineer (Shoals:2)
  A naga warrior (Snake:1)
  2 hydras
  A caustic shrike simulacrum (IceCv)
  An anaconda (Snake:2)
  2 two-headed ogres
  A death yak (Lair:5)
  3 naga sharpshooters (Snake:1)
  A harpy (Shoals:2)
  A wolf spider (D:11)
  A deep elf pyromancer (D:11)
  2 ugly things (Lair:6)
  An oklob plant (Lair:4)
  A naga mage (Snake:1)
  2 black mambas
  A gargoyle (D:12)
  A guardian serpent (Snake:1)
  2 komodo dragons (Lair:6)
  3 freezing wraiths (IceCv)
  An anaconda simulacrum (IceCv)
  A merfolk (Shoals:2)
  A troll (D:11)
  3 blink frogs
  A spriggan (Lair:6)
  A wyvern (Lair:6)
  A water elemental (D:11)
  6 yaks
  A wraith (D:7)
  A large abomination (Lair:6)
  2 basilisks (Lair:6)
  A harpy simulacrum (IceCv)
  6 nagas
  3 orc warriors
  2 hydra simulacra (IceCv)
  A water moccasin (Lair:6)
  3 wolves (Lair:3)
  An ettin simulacrum (IceCv)
  2 centaurs
  A lindwurm simulacrum (IceCv)
  Crazy Yiuf (D:2)
  3 ancestors (Lair:2)
  12 knights
  3 small abominations (Lair:6)
  An orc (D:7)
  2 fire vortices (D:9)
  90 fungi
  128 plants
309 creatures vanquished.

Grand Total: 979 creatures vanquished

Notes
Turn   | Place    | Note
-------+----------+-------------------------------------------
     0 | D:1      | pkoi the Draconian Summoner began the quest for the Orb.
     0 | D:1      | Reached XP level 1. HP: 14/14 MP: 3/3
   391 | D:1      | Reached XP level 2. HP: 20/20 MP: 5/5
   410 | D:1      | Learned a level 2 spell: Call Imp
  1183 | D:1      | Found Elackate's Distillery.
  1565 | D:1      | Reached XP level 3. HP: 26/26 MP: 7/7
  1566 | D:1      | Found a faded altar of an unknown god.
  2114 | D:2      | Learned a level 3 spell: Call Canine Familiar
  2610 | D:2      | Found a runed translucent door.
  2611 | D:2      | Noticed Crazy Yiuf
  3457 | D:3      | Reached skill level 5 in Summonings
  3457 | D:3      | Reached XP level 4. HP: 33/33 MP: 5/8
  4206 | D:3      | Reached XP level 5. HP: 38/38 MP: 1/9
  4673 | D:1      | Bought a potion of mutation for 88 gold pieces
  4673 | D:1      | Bought a potion of haste for 110 gold pieces
  4869 | D:4      | Noticed an ogre
  4875 | D:4      | Killed an ogre
  4876 | D:4      | Reached skill level 6 in Summonings
  5319 | D:4      | Noticed Edmund
  5343 | D:4      | Killed Edmund
  5344 | D:4      | Reached XP level 6. HP: 15/45 MP: 2/11
  6221 | D:5      | Entered Level 5 of the Dungeon
  6728 | D:5      | Reached skill level 1 in Fighting
  6728 | D:5      | Reached skill level 7 in Summonings
  6836 | D:5      | Your scales start taking on a golden yellow colour.
  6836 | D:5      | Reached XP level 7. HP: 39/53 MP: 10/13
  6836 | D:5      | Gained mutation: You are resistant to acid. (rCorr) [Yellow
                  | Draconian growth]
  7003 | D:5      | Noticed Pikel
  7385 | D:5      | Found a staircase to the Ecumenical Temple.
  7486 | Temple   | Entered the Ecumenical Temple
  8766 | D:6      | Reached skill level 5 in Spellcasting
  9085 | D:6      | Found an ornate altar of the Wu Jian Council.
  9411 | D:7      | Reached skill level 8 in Summonings
  9621 | D:7      | Reached XP level 8. HP: 23/61 MP: 16/16
  9922 | D:7      | Found Ympuoxty's Antique Armour Boutique.
  9980 | D:7      | Learned a level 3 spell: Summon Guardian Golem
 10611 | D:7      | Reached skill level 1 in Hexes
 10611 | D:7      | Reached skill level 9 in Summonings
 11298 | D:2      | Killed Crazy Yiuf
 11418 | D:5      | Killed Pikel
 11566 | D:7      | Learned a level 4 spell: Summon Lightning Spire
 11708 | D:7      | Reached skill level 1 in Air Magic
 12022 | D:8      | Reached XP level 9. HP: 51/67 MP: 8/18
 12997 | D:9      | Reached skill level 10 in Summonings
 13212 | D:9      | Found a sacrificial altar of Ru.
 13214 | D:9      | Found a hazy altar of Hepliaklqana.
 13254 | D:9      | Found a shimmering blue altar of Sif Muna.
 13254 | D:9      | Noticed a two-headed ogre
 13266 | D:9      | Killed a two-headed ogre
 13267 | D:9      | Reached skill level 11 in Summonings
 13365 | D:9      | Found a bloodstained altar of Trog.
 13369 | D:9      | Found a broken altar of Ashenzari.
 13428 | D:9      | Found a staircase to the Lair.
 13892 | D:9      | Killed an unseen horror
 13924 | D:9      | Reached skill level 12 in Summonings
 13965 | D:9      | Became a worshipper of Hepliaklqana the Forgotten
 14240 | D:10     | Entered Level 10 of the Dungeon
 14300 | Lair:1   | Entered Level 1 of the Lair of Beasts
 14508 | D:9      | Reached XP level 10. HP: 58/73 MP: 13/19
 14893 | Lair:1   | Noticed a black mamba
 15304 | Lair:1   | Killed a black mamba
 15664 | Lair:1   | Noticed a six-headed hydra
 15674 | Lair:1   | Killed a six-headed hydra
 15675 | Lair:1   | Reached skill level 1 in Unarmed Combat
 16113 | Lair:1   | Noticed a cane toad
 16119 | Lair:1   | Killed a cane toad
 16208 | Lair:1   | Reached * piety under Hepliaklqana
 16353 | Lair:1   | Identified a scroll of acquirement
 16354 | Lair:1   | Acquired the +9 staff of Olgreb {rPois∞}
 16354 | Lair:1   | Found the +9 staff of Olgreb {rPois∞}
 16675 | Lair:2   | Reached skill level 13 in Summonings
 16712 | Lair:2   | Reached skill level 1 in Evocations
 17435 | Lair:2   | Noticed a five-headed hydra
 17444 | Lair:2   | Killed a five-headed hydra
 17445 | Lair:2   | Reached skill level 1 in Staves
 17839 | Lair:3   | Found a staircase to the Snake Pit.
 17973 | Lair:3   | Reached XP level 11. HP: 66/73 MP: 9/20
 18163 | Lair:3   | Reached ** piety under Hepliaklqana
 18164 | Lair:3   | Remembered your ancestor Tia as a knight
 18581 | Lair:3   | Reached skill level 5 in Dodging
 18955 | Lair:3   | Noticed a four-headed hydra
 18963 | Lair:3   | Killed a four-headed hydra
 19319 | Lair:4   | Found a staircase to the Shoals.
 19461 | Lair:4   | Noticed a five-headed hydra
 19481 | Lair:4   | Killed a five-headed hydra
 19482 | Lair:4   | Reached skill level 5 in Evocations
 19600 | Lair:4   | Noticed a six-headed hydra
 19607 | Lair:4   | Killed a six-headed hydra
 19700 | Lair:4   | Noticed an oklob plant
 19717 | Lair:4   | Killed an oklob plant
 19761 | Lair:4   | Noticed an oklob plant
 19777 | Lair:4   | Killed an oklob plant
 19778 | Lair:4   | Reached skill level 5 in Staves
 20445 | Lair:4   | Reached *** piety under Hepliaklqana
 20739 | Lair:4   | Reached skill level 14 in Summonings
 21438 | Lair:5   | Reached XP level 12. HP: 67/80 MP: 6/21
 21944 | Lair:5   | Noticed a seven-headed hydra
 21952 | Lair:5   | Killed a seven-headed hydra
 22521 | Lair:5   | Found a staircase to the Slime Pits.
 22947 | Lair:6   | Entered Level 6 of the Lair of Beasts
 22948 | Lair:6   | Reached **** piety under Hepliaklqana
 22963 | Lair:6   | Noticed a six-headed hydra
 22978 | Lair:6   | Killed a six-headed hydra
 22979 | Lair:6   | Reached skill level 5 in Fighting
 23383 | Lair:6   | Noticed a boulder beetle
 23398 | Lair:6   | Killed a boulder beetle
 23471 | Lair:6   | Noticed a death yak
 23471 | Lair:6   | Noticed a four-headed hydra
 23476 | Lair:6   | Noticed a death yak
 23478 | Lair:6   | Noticed a death yak
 23481 | Lair:6   | Killed a four-headed hydra
 23495 | Lair:5   | Killed a death yak
 23496 | Lair:5   | Killed a death yak
 23682 | Lair:5   | Killed a death yak
 24179 | Lair:6   | Found a radiant altar of Vehumet.
 24317 | Lair:6   | Reached XP level 13. HP: 85/91 MP: 14/22
 26257 | Lair:6   | Found a one-way gate to the infinite horrors of the Abyss.
 26265 | Lair:6   | Found a corrupted altar of Lugonu.
 26407 | Lair:6   | Identified the +5 kite shield "Rokegiq" {Rampage}
 27367 | D:10     | Found Nuygg's Assorted Antiques.
 27679 | D:11     | Found a staircase to the Orcish Mines.
 27981 | D:11     | Reached ***** piety under Hepliaklqana
 28367 | D:11     | Reached skill level 15 in Summonings
 29024 | Orc:1    | Entered Level 1 of the Orcish Mines
 29088 | Orc:1    | Found a runed translucent gate.
 29088 | Orc:1    | Found a runed translucent gate.
 29089 | Orc:1    | Found a runed translucent gate.
 29090 | Orc:1    | Noticed Weegh's ghost (journeyman DsTm)
 29090 | Orc:1    | Noticed duckroller's ghost (journeyman HOMo)
 29091 | Orc:1    | Noticed Bycledom's ghost (journeyman PaMo)
 29091 | Orc:1    | Noticed tatocazan's ghost (journeyman MiFi)
 29091 | Orc:1    | Noticed Yfron's ghost (journeyman NaSu)
 29513 | Orc:1    | Gained mutation: You have acidic saliva. [Yellow Draconian
                  | growth]
 29513 | Orc:1    | Reached XP level 14. HP: 103/103 MP: 8/23
 30461 | Orc:2    | Entered Level 2 of the Orcish Mines
 30511 | Orc:2    | Paralysed by an orc sorcerer for 6 turns
 31202 | Orc:2    | Found Qoefuor's Armour Emporium.
 31361 | Orc:2    | Found Yluynkoj's Antique Armour Shop.
 31371 | Orc:2    | Found Xoidem Wuekk's General Store.
 31372 | Orc:2    | Found Guphy's Weapon Shoppe.
 31619 | Orc:2    | Found Oxkoth's CLEARANCE SALE! EVERYTHING MUST GO!.
 31704 | Orc:2    | Found a staircase to the Elven Halls.
 31789 | Orc:2    | Reached skill level 10 in Staves
 32366 | D:7      | Bought a pair of runed gloves for 240 gold pieces
 33385 | D:12     | Reached skill level 10 in Dodging
 33888 | D:11     | Noticed a stone giant
 33897 | D:11     | Killed a stone giant
 33898 | D:11     | Reached skill level 1 in Invocations
 34064 | Shoals:1 | Entered Level 1 of the Shoals
 35371 | Snake:1  | Entered Level 1 of the Snake Pit
 35781 | Snake:1  | Found Xosuocw's Antique Weapon Emporium.
 35796 | Snake:1  | Bought a masterwork quarterstaff for 234 gold pieces
 35796 | Snake:1  | Identified the +12 quarterstaff "Ulehint" {venom, rElec
                  | rPois} (You bought it in a shop on level 1 of the Snake
                  | Pit)
 35857 | Snake:1  | You fall into a shaft and drop 1 floor!
 36417 | Snake:1  | Reached skill level 16 in Summonings
 36804 | Snake:1  | Found Mity's Jewellery Shop.
 36805 | Snake:1  | Found Ullo's Book Emporium.
 36805 | Snake:1  | Found Ukeicori's Book Emporium.
 37007 | Snake:1  | Reached XP level 15. HP: 100/111 MP: 7/24
 37410 | Snake:1  | Bought a book of Beasts for 722 gold pieces
 37410 | Snake:1  | Acquired 960 gold pieces
 37418 | Snake:1  | Learned a level 5 spell: Summon Mana Viper
 37426 | Snake:1  | Learned a level 7 spell: Monstrous Menagerie
 37969 | Snake:2  | Found Tozobyze's Book Shoppe.
 40228 | Shoals:1 | Found an ornate altar of the Wu Jian Council.
 40812 | Shoals:2 | Found a frozen archway.
 40868 | IceCv    | Entered an ice cave
 41828 | Shoals:2 | Reached skill level 17 in Summonings
 42150 | Shoals:2 | Found Neag Xerur's Jewellery Emporium.
 43169 | Shoals:2 | Reached skill level 5 in Invocations
 43581 | Shoals:3 | Reached ****** piety under Hepliaklqana
 43583 | Shoals:3 | Slain by a merfolk impaler

Illustrated notes

Levels and vault maps discovered:
D:1:      dpeg_arrival_simpleton_c, layout_basic,
          dilly_ecumenical_altar_fadedgnrine, serial_shops,
          nicolae_lakefront_shop
D:2:      layout_loops_corners, uniq_crazy_yiuf_cottage
D:3:      cheibrodos_greedy_goblins, layout_rooms, roderic_lattice_a,
          chequers_arboretum, roderic_serpentine_path
D:4:      layout_basic, minmay_rat_hole, uniq_edmund
D:5:      layout_loops_ring, minmay_temple_entry_glassed_door, uniq_pikel
D:6:      layout_basic, nicolae_overflow_crystal_walls, minivault_4, st_stairs_8
D:7:      layout_basic, serial_shops, kennysheep_mini_moat, enter_bailey_4
D:8:      layout_loops_ring, kennysheep_doodads
D:9:      layout_basic, grunt_temple_overflow_open,
          mainiacjoe_overflow_catwalk_spiral, lemuel_round_altar,
          due_lair_maze_entry_diamond, hellmonk_bongcloud_opening,
          hangedman_incinerator
D:10:     layout_cave_pools, serial_shops, nicolae_shop_behind_doors
D:11:     nzn_winding_woodlands_three_and_one
          [nzn_winding_woodlands_5x15_river_crossing,
          nzn_winding_woodlands_5x15_pathside_ponds,
          nzn_winding_woodlands_5x15_crooked,
          nzn_winding_woodlands_center_pierced_h], layout_basic, orc_0_dummy
D:12:     layout_small_grid, chequers_serial_rivers_micro_d
Temple:   regret_index_temple_sphere_string
Lair:1:   layout_regular_city
Lair:2:   layout_loops_ring
Lair:3:   layout_gridlike, guppyfry_snake_entry_island, lemuel_fruit_tree
Lair:4:   layout_loops_ring, elwin_shoals_entry_rocks, roderic_carrion_pond,
          minmay_lair_oklob_chamber
Lair:5:   layout_gridlike, minmay_slime_entry_pillars,
          nicolae_quartered_pool_medium, serial_bayou_pond_c
Lair:6:   hellmonk_lair_end_abyssal_woods, layout_long_grid, basic_altar,
          chequers_serial_rivers_micro_a, ldierk_geyser,
          grunt_forest_stairs_basic, st_stairs_12,
          chequers_serial_rivers_small_b
Shoals:1: layout_shoals, lemuel_oklob_altar
Shoals:2: layout_shoals, serial_shops, shop, portal_ice_cave_entry_pillars_three
Shoals:3: layout_shoals, st_sunken_huts
Snake:1:  layout_rooms, serial_shops, shop_fountains, grunt_megastairs_5,
          minmay_shop_grove, serial_bayou_shore_a
Snake:2:  layout_basic, serial_shops, nicolae_shop_crystal, grunt_megastairs_4,
          serial_bayou_shore_b, serial_bayou_shore_b, uniq_asterion,
          uniq_vashnia
Orc:1:    layout_diamond_mine, gammafunk_ghost_cemetery, nicolae_orc_lava_tube,
          nicolae_orc_tapped_out
Orc:2:    st_orc_open, layout_caves, nicolae_shop_clearance

Skill      XL: |  1  2  3  4  5  6  7  8  9 10 11 12 13 14 15 |
---------------+----------------------------------------------+-----
Spellcasting   | 3 4 5 6 8 |  8.7
Summonings     | 5 6 7 8 9 12 13 14 15 16 17 | 17.1
Dodging        | 2 4 6 7 9 10 | 10.8
Fighting       | 1 2 3 6 8 9 |  9.0
Hexes          | 3 |  3.0
Air Magic      | 1 3 |  3.0
Unarmed Combat | 2 |  2.1
Evocations     | 3 6 7 9 |  9.0
Staves         | 2 5 7 9 10 11 | 11.2
Invocations    | 4 5 |  5.2
Stealth        | |  1.7

Action                   |  1- 3 |  4- 6 |  7- 9 | 10-12 | 13-15 || total
-------------------------+-------+-------+-------+-------+-------++-------
Melee: Unarmed           |    21 |       |       |       |       ||    21
       Dagger            |   106 |   144 |   240 |    42 |       ||   532
       Tailslap          |    10 |    15 |    37 |    28 |    43 ||   133
       Staff             |       |       |       |   145 |   328 ||   473
       Punch             |       |       |       |     1 |       ||     1
       Bite              |       |       |       |       |    21 ||    21
 Cast: Summon Small Mamm |    45 |       |     3 |       |       ||    48
       Call Imp          |     1 |    31 |    52 |    19 |     6 ||   109
       Call Canine Famil |       |     6 |    36 |    36 |    19 ||    97
       Summon Guardian G |       |       |    24 |    59 |   162 ||   245
       Summon Lightning  |       |       |     8 |    50 |   138 ||   196
       Monstrous Menager |       |       |       |       |     3 ||     3
       Summon Mana Viper |       |       |       |       |     3 ||     3
Invok: Recall Ancestor   |       |       |       |     4 |    26 ||    30
       Ancestor Life: Kn |       |       |       |     1 |       ||     1
       Ancestor Identity |       |       |       |     1 |       ||     1
       Idealise          |       |       |       |       |     1 ||     1
       Transference      |       |       |       |       |     1 ||     1
 Abil: Breathe Acid      |       |       |     6 |     1 |     1 ||     8
Evoke: Staff of Olgreb   |       |       |       |    24 |    33 ||    57
  Use: Scroll            |     4 |     4 |    12 |     6 |     8 ||    34
       Potion            |     2 |       |       |       |       ||     2
 Stab: Sleeping          |     5 |     4 |       |     1 |     3 ||    13
       Distracted        |       |       |     2 |     1 |     5 ||     8
Armor: Skin              |    36 |    37 |   115 |    87 |   162 ||   437
Dodge: Dodged            |    78 |    71 |   152 |   144 |   317 ||   762
Block: Other             |     8 |    37 |    64 |    35 |    82 ||   226
       Reflection        |       |       |     3 |     1 |    14 ||    18
